 Dungeon Crawl Stone Soup version 0.28-a0-850-g09de17f5b5 (webtiles) character file.

Game seed: 10443633075136594713

84 629fm the Chopper (level 4, -4/61 HPs)
             Began as a Minotaur Berserker on Nov 14, 2021.
             Was a Believer of Trog.
             Slain by a gnoll (7 damage)
             ... on level 2 of the Dungeon.
             The game lasted 00:01:04 (1592 turns).

629fm the Chopper (Minotaur Berserker)              Turns: 1592, Time: 00:01:05

Health: -4/61      AC:  3    Str: 23    XL:     4   Next: 24%
Magic:  3/3        EV: 12    Int:  4    God:    Trog [**....]
Gold:   95         SH:  0    Dex:  9    Spells: 3/3 levels left

rFire   . . .      SeeInvis .   a - +0 hand axe
rCold   . . .      Faith    .   (no shield)
rNeg    . . .      Spirit   .   f - +0 leather armour
rPois   .          Reflect  .   (helmet restricted)
rElec   .          Harm     .   (no cloak)
rCorr   .          Rampage  .   (no gloves)
Will    ++...                   (no boots)
Stlth   ..........              (no amulet)
HPRegen 1.20/turn               (no ring)
MPRegen 0.08/turn               (no ring)

@: berserking, strong-willed (expiring), regenerating (expiring), very quick
A: horns 2, retaliatory headbutt
a: Renounce Religion, Berserk, Trog's Hand


You were on level 2 of the Dungeon.
You worshipped Trog.
Trog was pleased with you.
You visited 1 branch of the dungeon, and saw 2 of its levels.

You collected 95 gold pieces.

Inventory:

Hand Weapons
 a - a +0 hand axe (weapon)
Armour
 b - a +0 animal skin
 f - a +0 leather armour (worn)
Jewellery
 e - a +4 ring of evasion
Wands
 l - a wand of iceblast (6)
Scrolls
 c - a scroll of torment {unknown}
 d - a scroll of magic mapping {unknown}
 g - a scroll of noise {unknown}
 h - a scroll of fog {unknown}
 i - a scroll of enchant weapon {unknown}
Potions
 j - a potion of mutation {unknown}
 k - a potion of magic {unknown}
 m - 2 potions of invisibility {unknown}
 n - a potion of haste {unknown}


   Skills:
 + Level 4.4 Fighting
 + Level 4.7 Axes
 + Level 3.3 Armour
 + Level 2.7 Dodging


You had 3 spell levels left.
You didn't know any spells.
Your spell library was empty.

Dungeon Overview and Level Annotations

Branches:
Dungeon (2/15)

Altars:


Innate Abilities, Weirdness & Mutations

You have a pair of horns on your head.
You reflexively headbutt those who attack you in melee.


Message History

Trog accepts your kill. The bat barely misses you.
The gnoll hits you from afar with a +0 halberd.
The gnoll hits you from afar with a +0 halberd!
You have reached level 4!
You feel stronger.
Found 23 arrows and a robe.
The bat hits you.
The frilled lizard bites you but does no damage.
The gnoll hits you from afar with a +0 halberd!
* * * LOW HITPOINT WARNING * * *
The gnoll hits you with a +0 flail.
* * * LOW HITPOINT WARNING * * *
Things that are here:
a +0 halberd; a gnoll corpse You barely miss the gnoll. x2; You slash the frilled lizard!
You kill the frilled lizard!
Trog accepts your kill. The gnoll barely misses you.
The bat hits you but does no damage. The gnoll closely misses you.
You slash the gnoll!
The gnoll is heavily wounded.
You closely miss the gnoll. You slash the bat!
You kill the bat!
Trog accepts your kill. The gnoll hits you with a +0 flail!
* * * LOW HITPOINT WARNING * * *
The gnoll barely misses you. You furiously retaliate!
You headbutt the gnoll. You slash the gnoll!
You feel the power of Trog in you as your rage grows.
You kill the gnoll!
Trog accepts your kill.
You hit the gnoll.
The gnoll hits you from afar with a +0 halberd.
* * * LOW HITPOINT WARNING * * *
The gnoll barely misses you.
You hit the gnoll.
You kill the gnoll!
Trog accepts your kill.
The gnoll hits you from afar with a +0 halberd!
You die...

.......## #.##...# #.......
........### #.##...# ♣...♣...
..........###.##...# #.......
........#...#.##...######♣.♣.♣...
........###......................
........#####......#######.......
......>............## #<......
.######..########...# #.......
.## #..#.....†@#....# ..#
#.........))g...... ..#
(............... # ..##
................ ### ...#
...............! #.P ...#
................ ♣ .♣.♣#♣
................ ♣ .....#
...[.........PP ♣ .♣.♣.♣##


You could see a gnoll.

Vanquished Creatures
  4 gnolls (D:2)
  An adder (D:2)
  2 worms (D:2)
  4 bats
  5 endoplasms
  A giant cockroach (D:2)
  2 goblins
  A hobgoblin (D:2)
  7 jackals (D:1)
  A quokka (D:1)
  6 ball pythons
  5 frilled lizards
  2 rats (D:1)
41 creatures vanquished.

Vanquished Creatures (others)
  A plant (D:2)
1 creature vanquished.

Grand Total: 42 creatures vanquished

Notes
Turn   | Place    | Note
-------+----------+-------------------------------------------
     0 | D:1      | 629fm the Minotaur Berserker began the quest for the Orb.
     0 | D:1      | Reached XP level 1. HP: 19/19 MP: 0/0
   243 | D:1      | Reached XP level 2. HP: 27/27 MP: 1/1
  1006 | D:2      | Reached XP level 3. HP: 33/33 MP: 2/2
  1010 | D:2      | Reached ** piety under Trog
  1524 | D:2      | Found a faded altar of an unknown god.
  1525 | D:2      | Noticed a shining eye
  1532 | D:2      | Noticed a golden eye
  1535 | D:2      | Noticed an eye of devastation
  1535 | D:2      | Noticed a floating eye
  1588 | D:2      | Reached XP level 4. HP: 24/41 MP: 3/3
  1591 | D:2      | HP: 2/61 [gnoll (5)]
  1592 | D:2      | Slain by a gnoll

Illustrated notes

Levels and vault maps discovered:
D:1:      minmay_arrival_doors, layout_rooms
D:2:      layout_basic, serial_forest, infiniplex_forest_lined_room_,
          infiniplex_forest_corner_1, infiniplex_forest_straight_4,
          infiniplex_forest_clump_small, infiniplex_forest_lined_room_2,
          infiniplex_forest_clump_long, hellmonk_ecumenical_altar_watching_god,
          minmay_pentomino_q2

Skill      XL: |  1  2  3 |
---------------+----------+-----
Axes           | 4 |  4.7
Fighting       | 4 |  4.4
Armour         | 3 |  3.3
Dodging        | |  2.7

Action                   |  1- 3 |  4- 6 || total
-------------------------+-------+-------++-------
Melee: Hand axe          |    83 |     4 ||    87
       Headbutt          |    10 |       ||    10
Invok: Berserk           |     2 |       ||     2
       Trog's Hand       |     1 |       ||     1
Armor: Leather armour    |    26 |     2 ||    28
Dodge: Dodged            |    65 |     4 ||    69

Table legend: (Time is in decaauts)
 A = Elapsed time spent in this place.
 B = Non-inter-level travel time spent in this place.
 C = Inter-level travel time spent in this place.
 D = Time resting spent in this place.
 E = Time spent auto-exploring this place.
 F = Levels seen in this place.
 G = Mean time per level.
                   A        B        C        D        E       F      G
               +--------+--------+--------+--------+--------+-----+--------+
         Total |   1609 |   1539 |     70 |     69 |   1270 |   2 |  804.5 |
       Dungeon |   1609 |   1539 |     70 |     69 |   1270 |   2 |  804.5 |
               +--------+--------+--------+--------+--------+-----+--------+

Top non-repeatable levels by time:
     D:1: 1009 daAuts
     D:2: 600 daAuts
